 Dungeon Crawl Stone Soup version 0.29-a0-653-gd47aff6735 (webtiles) character file.

Game seed: 4134457616023928656

1977 ytrimaz the Protected (level 9, -2/72 HPs)
             Began as a Formicid Fighter on June 21, 2022.
             Was a Follower of Okawaru.
             Slain by a gnoll sergeant
             ... wielding a +5 trident of protection
              (6 damage)
             ... on level 6 of the Dungeon.
             The game lasted 00:09:28 (6034 turns).

ytrimaz the Protected (Formicid Fighter)            Turns: 6034, Time: 00:09:29

Health: -2/72      AC: 14    Str: 26    XL:     9   Next: 43%
Magic:  9/9        EV:  7    Int:  7    God:    Okawaru [*.....]
Gold:   271        SH:  5    Dex: 13    Spells: 8/8 levels left

rFire   . . .      SeeInvis +   o - +2 flail (drain)
rCold   . . .      Faith    .   c - +0 buckler
rNeg    . . .      Spirit   .   m - +0 plate armour
rPois   .          Reflect  .   (helmet unavailable)
rElec   .          Harm     .   (no cloak)
rCorr   .          Rampage  .   (no gloves)
Will    .....                   (no boots)
Stlth   ..........              (no amulet)
HPRegen 0.22/turn               (no ring)
MPRegen 0.11/turn               (no ring)

@: no status effects
A: permanent stasis, dig shafts and tunnels, antennae 3, four strong arms
a: Dig, Shaft Self, Renounce Religion, Heroism


You were on level 6 of the Dungeon.
You worshipped Okawaru.
Okawaru was aware of your devotion.
You visited 2 branches of the dungeon, and saw 7 of its levels.

You collected 271 gold pieces.

Inventory:

Hand Weapons
 a - a +1 flail of flaming
 f - a +5 morningstar
 n - a +1 whip of venom
 o - a +2 flail of draining (weapon)
Armour
 b - a +1 scale mail
 c - a +0 buckler (worn)
 m - a +0 plate armour (worn)
Wands
 u - a wand of flame (17)
Scrolls
 h - a scroll of amnesia
 l - a scroll of enchant armour
Potions
 d - 3 potions of mutation
 e - 4 potions of curing
 i - 2 potions of ambrosia
 j - a potion of attraction {unknown}
 k - 2 potions of magic
 p - a potion of flight {unknown}
 q - 3 potions of brilliance {unknown}
 r - 2 potions of degeneration {unknown}
 s - a potion of cancellation {unknown}
 t - a potion of heal wounds {unknown}


   Skills:
 + Level 7.3 Fighting
 - Level 5.8 Maces & Flails
 + Level 9.8 Armour
 - Level 1.1 Stealth
 - Level 4.0 Shields


You had 8 spell levels left.
You didn't know any spells.
Your spell library contained the following spells:

 Spells                   Type           Power      Damage    Failure   Level
 Foxfire                  Conj/Fire      0%         2x1d4     99%         1
 Magic Dart               Conj           0%         1d3       99%         1
 Sandblast                Erth           0%         2d4       99%         1
 Ensorcelled Hibernation  Hex/Ice        0%         N/A       100%        2
 Passwall                 Tmut/Erth      0%         N/A       100%        2
 Mephitic Cloud           Conj/Pois/Air  0%         N/A       100%        3
 Spider Form              Tmut/Pois      0%         N/A       100%        3
 Stone Arrow              Conj/Erth      0%         3d7       100%        3
 Anguish                  Hex/Necr       0%         N/A       100%        4
 Iskenderun's Mystic Bla  Conj/Tloc      0%         2d3       100%        4
 Passage of Golubria      Tloc           0%         N/A       100%        4
 Yara's Violent Unravell  Hex/Tmut       0%         3d3       100%        5
 Orb of Destruction       Conj           0%         9d5       100%        7
 Call Imp                 Summ           Unusable   N/A       N/A         2
 Summon Guardian Golem    Hex/Summ       Unusable   N/A       N/A         3
 Tukima's Dance           Hex            Unusable   N/A       N/A         3
 Summon Cactus Giant      Summ           Unusable   N/A       N/A         6
 Spellforged Servitor     Conj/Summ      Unusable   N/A       N/A         7

Dungeon Overview and Level Annotations

Branches:
Dungeon (6/15)             Temple (1/1) D:5

Altars:
Ashenzari
Dithmenos
Elyvilon
Fedhas
Gozag
Hepliaklqana
Kikubaaqudgha
Makhleb
Nemelex Xobeh
Okawaru
Qazlal
Ru
Sif Muna
Trog
Uskayaw
Vehumet
Xom
Yredelemnul
Zin

Shops:
D:2 [   D:6 *


Innate Abilities, Weirdness & Mutations

You cannot be hasted, slowed, berserked, paralysed or teleported.
You can dig through walls and to a lower floor.
You have a pair of large antennae on your head. (SInv)
Your four strong arms can wield two-handed weapons with a shield.


Message History

Okawaru accepts your kill.
The gnoll sergeant hits you from afar with a +5 trident of protection.
The adder completely misses you.
You hit the adder.
The adder is heavily wounded.
The adder bites you but does no damage. The gnoll sergeant barely misses you.
Unknown command.
You thump the adder!
You kill the adder!
Okawaru accepts your kill.
The gnoll sergeant hits you but does no damage.
You sock the orc!
You kill the orc!
Okawaru accepts your kill.
The gnoll sergeant hits you from afar with a +5 trident of protection.
You sock the orc!
You kill the orc!
Okawaru accepts your kill.
The gnoll sergeant hits you from afar with a +5 trident of protection.
Unknown command.
You block the orc's attack.
The gnoll sergeant hits you but does no damage.
Items here: ( ))) [ ††††.
You hit the gnoll sergeant but do no damage.
The orc closely misses you.
The gnoll sergeant hits you with a +5 trident of protection!
* * * LOW HITPOINT WARNING * * *
You thump the gnoll sergeant! You drain the gnoll sergeant.
The gnoll sergeant is heavily wounded.
You block the orc's attack.
The gnoll sergeant hits you with a +5 trident of protection!
* * * LOW HITPOINT WARNING * * *
Unknown command.
You hit the gnoll sergeant but do no damage.
You drain the gnoll sergeant.
The gnoll sergeant is severely wounded.
The gnoll sergeant hits you but does no damage.
The orc hits you but does no damage.
The gnoll sergeant hits you with a +5 trident of protection.
You die...

#....#!###.###
#.#..#.)g.....
#.......o.o...
###..#.......#
#..#....#### ###.##.####
#>######oO.##..
.....<.og####.. #.######@#
#{.. .....##.####.##
.........#.# .....###.#.#
.... #...#
########...#########
#..=...#..)......##
########.#########).......
#§§§§§§..# #........


You could see an ogre, a gnoll sergeant (very drained) and 2 orcs.

Vanquished Creatures
  Pikel (D:5)
  Grinder (D:5)
  An ice beast (D:6)
  A black bear (D:4)
  A centaur (D:5)
  A phantom (D:6)
  2 gnoll sergeants
  A scorpion (D:5)
  4 wights (D:6)
  2 howler monkeys
  2 jellies (D:5)
  An orc priest (D:3)
  3 hounds (D:5)
  An iguana (D:4)
  8 gnolls (D:5)
  10 adders
  An ufetubus (D:3)
  A worm (D:3)
  6 dart slugs
  28 orcs
  5 ball pythons
  9 bats
  9 endoplasms
  3 giant cockroaches
  5 goblins
  5 hobgoblins
  13 jackals
  5 quokkas
  5 frilled lizards
  7 kobolds
  3 rats
  A spectral hobgoblin (D:2)
146 creatures vanquished.

Notes
Turn   | Place    | Note
-------+----------+-------------------------------------------
     0 | D:1      | ytrimaz the Formicid Fighter began the quest for the Orb.
     0 | D:1      | Reached XP level 1. HP: 18/18 MP: 1/1
   124 | D:1      | Reached XP level 2. HP: 24/24 MP: 2/2
   348 | D:1      | Reached XP level 3. HP: 28/29 MP: 3/3
  1057 | D:2      | Reached skill level 1 in Stealth
  1057 | D:2      | Reached XP level 4. HP: 32/35 MP: 4/4
  1255 | D:2      | Found Lenuicad's Armour Shoppe.
  1354 | D:2      | Found a faded altar of an unknown god.
  1778 | D:3      | Reached XP level 5. HP: 41/41 MP: 5/5
  1888 | D:3      | Reached skill level 5 in Maces & Flails
  2490 | D:3      | Reached XP level 6. HP: 25/47 MP: 6/6
  3019 | D:4      | Noticed a black bear
  3030 | D:4      | Killed a black bear
  3031 | D:4      | Reached skill level 4 in Armour
  3500 | D:4      | Reached XP level 7. HP: 44/47 MP: 7/7
  3961 | D:5      | Entered Level 5 of the Dungeon
  3963 | D:5      | Noticed Grinder
  3976 | D:5      | Killed Grinder
  3977 | D:5      | Reached skill level 5 in Armour
  4151 | D:5      | Noticed Pikel
  4204 | D:5      | Killed Pikel
  4205 | D:5      | Reached skill level 5 in Fighting
  4205 | D:5      | Reached skill level 7 in Armour
  4205 | D:5      | Reached XP level 8. HP: 15/63 MP: 8/8
  4569 | D:5      | Reached skill level 8 in Armour
  4703 | D:5      | Got Sif Muna's Compendium of Supportive Confrontation
  4756 | D:5      | Found a staircase to the Ecumenical Temple.
  4779 | Temple   | Entered the Ecumenical Temple
  5016 | Temple   | Became a worshipper of Warmaster Okawaru
  5250 | D:5      | Reached XP level 9. HP: 66/69 MP: 9/9
  5664 | D:6      | Found Inkud's General Store.
  5694 | D:6      | Reached * piety under Okawaru
  5695 | D:6      | Reached skill level 9 in Armour
  6034 | D:6      | Slain by a gnoll sergeant

Illustrated notes

Levels and vault maps discovered:
D:1:      nzn_arrival_water_spiral, layout_loops_ring, minivault_5,
          minmay_pentomino_s4
D:2:      layout_loops_ring, serial_shops, shop,
          dreamdust_ecumenical_altar_drowned_temple
D:3:      layout_loops_corners
D:4:      layout_cave_pods, wad_orctagon
D:5:      layout_cave_pools, minmay_temple_entry_statues,
          eino_small_chamber_without_monster, grunt_ministairs_11, uniq_grinder,
          uniq_pikel
D:6:      minmay_recursive_quarters, layout_rooms, serial_shops, shop,
          hangedman_decor_riveting
Temple:   mainiacjoe_temple_bowtie_tessellation

Skill      XL: |  1  2  3  4  5  6  7  8  9 |
---------------+----------------------------+-----
Maces & Flails | 3 4 5 |  5.8
Stealth        | 1 |  1.1
Armour         | 4 7 8 9 |  9.8
Fighting       | 4 5 6 7 |  7.3
Shields        | |  4.0

Action                   |  1- 3 |  4- 6 |  7- 9 || total
-------------------------+-------+-------+-------++-------
Melee: Flail             |    92 |   144 |   154 ||   390
       Whip              |       |    63 |       ||    63
  Use: Scroll            |     3 |     6 |     4 ||    13
       Potion            |       |     1 |     5 ||     6
 Stab: Distracted        |     1 |       |       ||     1
Armor: Scale mail        |    53 |    29 |       ||    82
       Plate armour      |       |    81 |   125 ||   206
       Skin              |       |       |    31 ||    31
Dodge: Dodged            |    61 |    76 |    60 ||   197
Block: Buckler           |    31 |    54 |    54 ||   139

Table legend: (Time is in decaauts)
 A = Elapsed time spent in this place.
 B = Non-inter-level travel time spent in this place.
 C = Inter-level travel time spent in this place.
 D = Time resting spent in this place.
 E = Time spent auto-exploring this place.
 F = Levels seen in this place.
 G = Mean time per level.
                   A        B        C        D        E       F      G
               +--------+--------+--------+--------+--------+-----+--------+
         Total |   6111 |   5932 |    179 |    544 |   4106 |   7 |  873.0 |
       Dungeon |   5862 |   5728 |    134 |    544 |   3921 |   6 |  977.0 |
        Temple |    249 |    204 |     45 |      0 |    185 |   1 |  249.0 |
               +--------+--------+--------+--------+--------+-----+--------+

Top non-repeatable levels by time:
     D:5: 1470 daAuts
     D:3: 1151 daAuts
     D:4: 1116 daAuts
     D:1: 1084 daAuts
     D:2: 666 daAuts
     D:6: 374 daAuts
  Temple: 249 daAuts
